 Dungeon Crawl Stone Soup version 0.18-a0-1774-gce1f7b6 (webtiles) character file.

56 SkaryMonk the Changer (level 3, -1/23 HPs)
             Began as an Octopode Transmuter on Apr 15, 2016.
             Slain by Natasha (9 damage)
             ... on level 2 of the Dungeon.
             The game lasted 00:09:12 (1731 turns).

SkaryMonk the Changer (Octopode Transmuter)         Turns: 1731, Time: 00:09:13

Health: -1/23      AC:  1    Str:  9    XL:     3   Next: 95%
Magic:  5/6        EV: 12    Int: 16    God:
Gold:   82         SH:  0    Dex: 12    Spells: 3 memorised, 0 levels left

rFire  . . .     SeeInvis .       - Unarmed
rCold  . . .     Gourm    .     (no shield)
rNeg   . . .     Faith    .     (helmet restricted)
rPois  .         Spirit   .     (no amulet)
rElec  .         Dismiss  .     (no ring)
rCorr  .         Reflect  .     (no ring)
SustAt .         Harm     .     (no ring)
MR     .....                    (no ring)
Stlth  ++........               (no ring)
                                (no ring)
                                (no ring)
                                (no ring)

@: appendage, slowed, very slow, not resistant to hostile enchantments,
unstealthy
A: almost no armour, amphibious, 8 rings, constrict 8, tentacle spike 3,
camouflage 1, gelatinous body 1
a: End Transformation


You were on level 2 of the Dungeon.
You were hungry.
One of your tentacles had a temporary spike.
You visited 1 branch of the dungeon, and saw 2 of its levels.

You collected 82 gold pieces.

Notes
Turn   | Place    | Note
--------------------------------------------------------------
     0 | D:1      | SkaryMonk the Octopode Transmuter began the quest for the Orb.
     0 | D:1      | Reached XP level 1. HP: 13/13 MP: 3/3
   211 | D:1      | Reached XP level 2. HP: 8/18 MP: 3/5
   218 | D:1      | Reached skill level 3 in Transmutations
   506 | D:1      | Reached XP level 3. HP: 3/23 MP: 4/6
   845 | D:1      | Learned a level 2 spell: Sticks to Snakes
   849 | D:1      | Learned a level 3 spell: Spider Form
  1260 | D:2      | Noticed Natasha
  1432 | D:2      | Found a shimmering altar of Xom.
  1497 | D:1      | Reached skill level 4 in Transmutations
  1731 | D:2      | Slain by Natasha

Inventory:

Missiles
 a - 30 arrows
Armour
 g - a cursed +0 buckler
Wands
 d - a wand of iceblast (3/15)
Scrolls
 i - a scroll of fog
Potions
 e - 6 potions of agility
 f - a potion of flight {unknown}
 j - a potion of magic {unknown}
Books
 b - a book of Changes

   Spells                             Type                      Level
   a - Beastly Appendage              Transmutation                1
   b - Sticks to Snakes               Transmutation                2
   c - Spider Form                    Transmutation/Poison         3
   d - Ice Form                       Ice/Transmutation            4
   e - Blade Hands                    Transmutation                5
Comestibles
 c - a bread ration

Table legend:
 A = Turns spent in this place as a percentage of turns spent in the entire game.
 B = Non-inter-level travel turns spent in this place as a percentage of non-inter-level travel turns spent in the entire game.
 C = Inter-level travel turns spent in this place as a percentage of turns spent in this place.
 D = Turns resting spent in this place as a percentage of non-inter-level travel turns spent in this place.
 E = Turns spent auto-exploring this place as a percentage of non-inter-level travel turns spent in this place.
 F = Non-inter-level travel turns spent in this place divided by the number of levels of this place that you've seen.
                   A       B       C       D       E      F
               +-------+-------+-------+-------+-------+----------------------
         Total | 100.0 | 100.0 |   1.1 |   5.6 |  10.8 | 186.0
       Dungeon | 100.0 | 100.0 |   1.1 |   5.6 |  10.8 | 186.0
               +-------+-------+-------+-------+-------+----------------------


   Skills:
 - Level 1.0 Fighting
 - Level 2.0 Dodging
 - Level 3.0 Unarmed Combat
 - Level 2.0 Spellcasting
 + Level 4.1 Transmutations


You couldn't memorise any spells.
You knew the following spells:

 Your Spells              Type           Power        Failure   Level  Hunger
a - Beastly Appendage     Trmt           ##....       4%          1    #......
b - Sticks to Snakes      Trmt           ##......     8%          2    ###....
c - Spider Form           Trmt/Pois      #.........   28%         3    ###....


Dungeon Overview and Level Annotations

Branches:
Dungeon (2/15)

Altars:
Xom

Annotations:
D:2 Natasha


Innate Abilities, Weirdness & Mutations

You cannot wear most types of armour.
You are amphibious.
You can wear up to eight rings at the same time.
You can use your tentacles to constrict eight enemies at once.
Your skin changes colour to match your surroundings (Stealth).
Your rubbery body absorbs attacks (AC +1).
One of your tentacles bears a large vicious spike.


Message History

Casting: Beastly Appendage
Confirm with . or Enter, or press ? or * to list all spells.
One of your tentacles grows a vicious spike.
The shadow imp barely misses you. Natasha closely misses you.
You barely miss Natasha. Your grab misses Natasha.
The shadow imp hits you but does no damage.
Natasha closely misses you. The shadow imp closely misses you.
You barely miss Natasha. Your grab misses Natasha.
Your tentacle spike misses Natasha.
You squeeze Natasha!
Natasha is heavily wounded.
Natasha barely misses you. The shadow imp barely misses you.
You tentacle-slap Natasha. Your grab misses Natasha.
You pierce Natasha, but do no damage.
You tentacle-slap Natasha, but do no damage.
Natasha is heavily wounded.
Natasha mumbles some strange words.
You feel troubled. Natasha casts a spell at you. The magic dart hits you!
The shadow imp hits you. Natasha claws you!
You die...

........#.............###..#
...#....................#
...###............#......
#....[........#......
.....................
.#####...........##..#
#..._....####..#..#
#.....##.# ##....#
#.####5@...##.# ####..
#.....h.#####.. ###
......##.### #... .........#
#.... ....###### #..... ###
####### . . #


You could see Natasha and a shadow imp.

Table legend:
 A = Kills in this place as a percentage of kills in entire the game.
 B = Kills by you in this place as a percentage of kills by you in the entire game.
 C = Kills by friends in this place as a percentage of kills by friends in the entire game.
 D = Other kills in this place as a percentage of other kills in the entire game.
 E = Experience gained in this place as a percentage of experience gained in the entire game.
 F = Experience gained in this place divided by the number of levels of this place that you have seen.
                   A       B       C       D       E      F
               +-------+-------+-------+-------+-------+----------------------
         Total | 100.0 | 100.0 |  -nan |  -nan | 100.0 |  40.0
       Dungeon | 100.0 | 100.0 |  -nan |  -nan | 100.0 |  40.0
               +-------+-------+-------+-------+-------+----------------------

Vanquished Creatures
  A gnoll (D:1)
  2 adders
  An ooze (D:1)
  3 giant cockroaches
  3 goblins
  2 hobgoblins (D:1)
  2 jackals (D:1)
  A bat (D:2)
  A giant newt (D:1)
  5 kobolds (D:1)
  2 rats (D:1)
  A butterfly (D:2)
24 creatures vanquished.

Action                   || total
-------------------------++-------
Melee: Unarmed           ||    75
       Kick              ||    16
       Constrict         ||    17
       Punch             ||     5
       Tentacles         ||     4
 Cast: Beastly Appendage ||    13
  Use: Scroll            ||     3
       Potion            ||     1
 Stab: Sleeping          ||     5
  Eat: Chunk             ||     2
Armor: Skin              ||     4
Dodge: Dodged            ||    45

Vault maps used:
D:1:      saegor_arrival_simple_e
D:2:      xom_butterflies, first_bread, uniq_natasha, uniq_crazy_yiuf_cottage
